 Dungeon Crawl Stone Soup version 0.22.0-6-g71bd7aa (webtiles) character file.

52 Amnesiac the Gusty (level 3, -2/24 HPs)
             Began as a Mummy Air Elementalist on Aug 14, 2018.
             Killed by divine providence
             ... invoked by an orc priest
              (15 damage)
             ... on level 4 of the Dungeon.
             The game lasted 00:04:25 (1274 turns).

Amnesiac the Gusty (Mummy Air Elementalist)         Turns: 1274, Time: 00:04:26

Health: -2/24      AC:  4    Str: 11    XL:     3   Next: 60%
Magic:  12/16      EV: 12    Int: 15    God:
Gold:   64         SH:  0    Dex: 12    Spells: 5/8 levels left

rFire    x . .     SeeInvis .   (no weapon)
rCold    + . .     Gourm    .   (no shield)
rNeg     + + +     Faith    .   a - +0 robe
rPois    ∞         Spirit   .   f - +0 helmet
rElec    .         Reflect  .   (no cloak)
rCorr    .         Harm     .   e - +0 pair of gloves
MR       .....                  (no boots)
Stlth    ++........             (no amulet)
HPRegen  0.08/turn              (no ring)
MPRegen  0.15/turn              g - ring of magical power

@: no status effects
A: no food or potions, fire vulnerability, cold resistance 1, negative energy
resistance 3, torment resistance, unbreathing
a: no special abilities


You were on level 4 of the Dungeon.
You were not hungry.

You visited 1 branch of the dungeon, and saw 4 of its levels.

You collected 64 gold pieces.

Inventory:

Armour
 a - a +0 robe (worn)
 e - a +0 pair of gloves (worn)
 f - a +0 helmet (worn)
Jewellery
 g - a ring of magical power (right hand)
Scrolls
 b - 2 scrolls of enchant armour {!r, unknown}
 c - a scroll of enchant weapon {!r, unknown}
 d - a scroll of identify {!r, unknown}
 h - 2 scrolls of teleportation {!r, unknown}
 i - a scroll of remove curse {!r, unknown}


   Skills:
 - Level 1.5 Dodging
 - Level 1.5 Stealth
 + Level 3.4 Spellcasting
 - Level 0.7 Conjurations
 * Level 3.5 Air Magic


You had 5 spell levels left.
You knew the following spells:

 Your Spells              Type           Power        Failure   Level  Hunger
a - Shock                 Conj/Air       #...         9%          1    N/A
z - Swiftness             Chrm/Air       #.......     14%         2    N/A

Your spell library contained the following spells:

 Spells                   Type           Power        Failure   Level  Hunger
 Lightning Bolt           Conj/Air       #.........   92%         5    N/A
 Airstrike                Air            ##........   41%         4    N/A
 Static Discharge         Conj/Air       #.......     24%         3    N/A

Dungeon Overview and Level Annotations

Branches:
Dungeon (4/15)
 Temple: D:4-7

Altars:
Gozag
Zin

Annotations:
D:4 exclusions: bullfrog and ogre


Innate Abilities, Weirdness & Mutations

You do not eat or drink.
Your flesh is vulnerable to fire.
You are immune to poison.
Your flesh is cold resistant. (rC+)
You are immune to negative energy. (rN+++)
You are immune to unholy pain and torment.
You can survive without breathing.


Message History

Confirm with . or Enter, or press ? or * to list all spells.
Aiming: Shock (safe; 9% risk of failure)
Press: ? - help, Shift-Dir - straight line The zap hits the worker ant.
The worker ant is moderately wounded.
The zap hits the worker ant.
The worker ant appears unharmed.
The worker ant is moderately wounded.
Unknown command.
Casting: Shock (safe; 9% risk of failure)
Confirm with . or Enter, or press ? or * to list all spells.
Aiming: Shock (safe; 9% risk of failure)
Press: ? - help, Shift-Dir - straight line The zap hits the worker ant.
The worker ant is moderately wounded.
The zap hits the worker ant.
The worker ant is severely wounded.
The worker ant bites you.
Unknown command.
Casting: Shock (safe; 9% risk of failure)
Confirm with . or Enter, or press ? or * to list all spells.
Aiming: Shock (safe; 9% risk of failure)
Press: ? - help, Shift-Dir - straight line The zap hits the worker ant.
The worker ant is almost dead.
The zap hits the worker ant.
The worker ant is almost dead.
You hear the brisk hiss of a very distant avalanche of sand.
The worker ant barely misses you.
Unknown command.
Casting: Shock (safe; 9% risk of failure)
Confirm with . or Enter, or press ? or * to list all spells.
Aiming: Shock (safe; 9% risk of failure)
Press: ? - help, Shift-Dir - straight line The zap hits the worker ant.
The worker ant appears unharmed.
The worker ant is almost dead.
The zap hits the worker ant.
You kill the worker ant!
Unknown command.
You now have 64 gold pieces (gained 6). 3 orcs come into view.
The orc shouts! x3; You hear a shout! x2
The orc throws a tomahawk.
The tomahawk completely misses you.
You see here a tomahawk.
An orc priest comes into view.
The orc throws a tomahawk.
The tomahawk hits you.
* * * LOW HITPOINT WARNING * * *
You see here a tomahawk.
Casting: Shock (safe; 9% risk of failure)
Confirm with . or Enter, or press ? or * to list all spells.
Aiming: Shock (safe; 9% risk of failure)
Press: ? - help, Shift-Dir - straight line, f - orc
Aim: an orc, wielding a whip and wearing a leather armour The zap hits the orc.
The orc is lightly wounded.
The zap hits the orc.
The orc is lightly wounded.
The zap hits the orc.
The orc is moderately wounded.
The zap hits the orc priest.
The orc priest is moderately wounded.
The orc priest mumbles some strange prayers to Beogh against you.
Beogh smites you!
Ouch! That really hurt!
You die...

#.#.....###########
+.............a...#
#.#.....#########.#
..#....)# #.#
..####### #.# ..#
#.# ..# #.# ..#
########(######
.oooo..@........
########.#######
#.# #.# #.# #.# #.#
.#


You could see an orc priest and 3 orcs.

Vanquished Creatures
  A worker ant (D:4)
  An adder (D:2)
  A leopard gecko (D:4)
  2 ball pythons (D:1)
  2 bats (D:1)
  2 goblins
  2 hobgoblins
  2 kobolds
  A frilled lizard (D:3)
  4 rats
18 creatures vanquished.

Notes
Turn   | Place    | Note
-------+----------+-------------------------------------------
     0 | D:1      | Amnesiac the Mummy Air Elementalist began the quest for the Orb.
     0 | D:1      | Reached XP level 1. HP: 13/13 MP: 4/4
     6 | D:1      | Noticed a hound
     6 | D:1      | Noticed a salamander
     6 | D:1      | Noticed a black bear
     6 | D:1      | Noticed a swamp drake
     6 | D:1      | Noticed a redback
   143 | D:1      | Reached XP level 2. HP: 15/19 MP: 0/5
   148 | D:1      | Learned a level 2 spell: Swiftness
   832 | D:3      | Found an opulent altar of Gozag.
   833 | D:3      | Found a glowing silver altar of Zin.
  1014 | D:4      | Noticed a phantom
  1083 | D:4      | Noticed an ogre
  1220 | D:4      | Noticed a bullfrog
  1225 | D:4      | Reached XP level 3. HP: 21/24 MP: 7/7
  1274 | D:4      | Killed from afar by an orc priest

Skill      XL: |  1  2 |
---------------+-------+-----
Air Magic      | 3 |  3.5
Spellcasting   | 3 |  3.4
Dodging        | |  1.5
Stealth        | |  1.5
Conjurations   | |  0.7

Action                   || total
-------------------------++-------
Melee: Unarmed           ||     8
 Cast: Shock             ||    41
Armor: Robe              ||     5
Dodge: Dodged            ||    23
